Alpha build Test Text. Please don't judge Going to add a proxy void ray + batteries second step instead of nexus
13 | 0:19 | | PROXY WITH BUILDY PROBE |
15 | 0:39 | | |
17 | 0:47 | | |
18 | 1:00 | | PROXY |
20 | 1:17 | | PROXY |
20 | 1:18 | | SEND PROXY BOI |
20 | 1:25 | | |
21 | 1:34 | | |
23 | 1:40 | | PROXY |
27 | 2:03 | | |
27 | 2:05 | | |
29 | 2:08 | | |
29 | 2:12 | | |
29 | 2:37 | | PROXY |
29 | 2:40 | | PROXY IN OPP NATURAL |
29 | 2:48 | | |
36 | 3:09 | | PROXY |
40 | 3:21 | |
test text 2222